 Dungeon Crawl Stone Soup version 0.31.0-11-ge490571c62 (webtiles) character file.

Game seed: 18299369992262776874

52 Arctor the Firebug (level 3, 0/19 HPs)
             Began as a Deep Elf Fire Elementalist on Feb 4, 2024.
             Slain by a gnoll
             ... wielding a +0 club
              (5 damage)
             ... on level 2 of the Dungeon.
             The game lasted 00:01:26 (1996 turns).

Arctor the Firebug (Deep Elf Fire Elementalist)     Turns: 1996, Time: 00:01:26

Health: 0/19       AC:  2    Str: 11    XL:     3   Next: 60%
Magic:  6/10       EV: 13    Int: 21    God:
Gold:   75         SH:  0    Dex: 15    Spells: 8/9 levels left

rFire   . . .        j - +1 short sword (elec)
rCold   . . .        (no shield)
rNeg    . . .        a - +0 robe
rPois   .            (no helmet)
rElec   .            (no cloak)
rCorr   .            (no gloves)
SInv    .            (no boots)
Will    .....        (no amulet)
Stlth   ++           f - +6 ring of strength
HPRegen 0.23/turn    (no ring)
MPRegen 0.12/turn

%: no passive effects
@: no status effects
A: no striking features
a: no special abilities


You were on level 2 of the Dungeon.
You visited 1 branch of the dungeon, and saw 2 of its levels.

You collected 75 gold pieces.

Inventory:

Hand Weapons
 i - a +0 short sword of flaming
 j - a +1 short sword of electrocution (weapon)
Armour
 a - a +0 robe (worn)
Magical Staves
 m - a staff of death
Jewellery
 f - a +6 ring of strength (left hand)
Scrolls
 c - a scroll of teleportation {unknown}
 d - a scroll of acquirement {unknown}
 e - 2 scrolls of immolation {unknown}
 g - a scroll of identify {unknown}
 l - a scroll of enchant armour {unknown}
 n - a scroll of silence {unknown}
Potions
 b - a potion of magic
 h - a potion of might {unknown}
 k - a potion of curing {unknown}
 o - a potion of heal wounds {unknown}


   Skills:
 + Level 3.0 Dodging
 + Level 3.2 Stealth
 + Level 3.6 Spellcasting
 + Level 2.0 Conjurations
 + Level 3.7 Fire Magic


You had 8 spell levels left.
You knew the following spells:

 Your Spells              Type           Power      Damage    Failure   Level
a - Foxfire               Conj/Fire      60%        2x1d7     3%          1

Your spell library contained the following spells:

 Spells                   Type           Power      Damage    Failure   Level
 Scorch                   Fire           38%        2d6       4%          2
 Shock                    Conj/Air       32%        1d5       9%          1
 Inner Flame              Hex/Fire       11%        N/A       17%         3
 Volatile Blastmotes      Fire/Tloc      22%        2d11      17%         3
 Swiftness                Air            3%         N/A       36%         3
 Flame Wave               Conj/Fire      15%        2d7       36%         4
 Airstrike                Air            1%         2d(1-17)  77%         4


Dungeon Overview and Level Annotations

Branches:
Dungeon (2/15)

Altars:

Shops:
D:2 ==[!


Message History

You conjure some foxfire!
A gnoll and a kobold come into view.
The foxfire hits the gnoll.
The gnoll is moderately wounded.
The gnoll shouts!
You hear a shout!
There are monsters nearby!
You conjure some foxfire!
The foxfire hits the gnoll.
The gnoll is severely wounded.
A gnoll comes into view. It is wielding a +0 spear.
The foxfire hits the gnoll.
You kill the gnoll!
The foxfire hits the kobold.
The kobold is severely wounded.
Your Dodging skill increases to level 3!
You conjure some foxfire!
The foxfire hits the kobold.
You kill the kobold!
Your Conjurations skill increases to level 2!
The foxfire hits the gnoll but does no damage.
The gnoll misses you.
You conjure some foxfire!
The gnoll hits you with a +0 whip. The gnoll hits you with a +0 club.
You conjure some foxfire!
The foxfire hits the gnoll.
The gnoll is moderately wounded.
The foxfire hits the gnoll!
The gnoll is heavily wounded.
The gnoll closely misses you. The gnoll barely misses you.
The gnoll hits you from afar with a +0 spear.
You are too injured to fight recklessly!
You are too injured to fight recklessly!
You are too injured to fight recklessly!
Unknown command.
Your foxfire dissipates!
The foxfire hits the gnoll.
The gnoll is almost dead.
The gnoll attacks as it pursues you! The gnoll hits you with a +0 whip.
* * * LOW HITPOINT WARNING * * *
The gnoll attacks as it pursues you! The gnoll closely misses you.
The gnoll attacks as it pursues you! The gnoll completely misses you.
The gnoll attacks as it pursues you! The gnoll hits you with a +0 club.
You die...

...# ##............ ##.#
#.............
#∩.#########.............
####.....................
.........................
####...............).....
................g........
................gg)......
................@##.#####
#########.#.####....#
#.....# #..####
#.#.#####.## #.#.# #..#
#.#.# #.## #####.#.# #.#
#.....#.# #.# #.#####.#
#.#


You could see 3 gnolls.

Vanquished Creatures
  A gnoll (D:2)
  An adder (D:2)
  4 bats
  An endoplasm (D:2)
  4 giant cockroaches
  3 hobgoblins
  5 kobolds
  2 quokkas (D:1)
  3 ball pythons
  3 frilled lizards
  6 rats
33 creatures vanquished.

Vanquished Creatures (collateral kills)
  2 foxfires (D:1)
2 creatures vanquished.

Vanquished Creatures (others)
  193 foxfires
193 creatures vanquished.

Grand Total: 228 creatures vanquished

Notes
Turn   | Place    | Note
-------+----------+-------------------------------------------
     0 | D:1      | Arctor the Deep Elf Fire Elementalist began the quest for
                  | the Orb.
     0 | D:1      | Reached XP level 1. HP: 10/10 MP: 6/6
   292 | D:1      | Reached XP level 2. HP: 15/15 MP: 5/8
  1010 | D:2      | Found Juomn's Distillery.
  1257 | D:2      | Found Miont's Armour Emporium.
  1428 | D:2      | Found Afaysaawe's Jewellery Shoppe.
  1491 | D:2      | Reached XP level 3. HP: 4/19 MP: 3/10
  1720 | D:2      | Found Kulum's Jewellery Shoppe.
  1996 | D:2      | Slain by a gnoll

Illustrated notes

Levels and vault maps discovered:
D:1:      eino_arrival_tree_alley, layout_rooms
D:2:      layout_rooms, serial_shops, nicolae_shop_back_alley_shop, shop,
          nicolae_shop_advertising_works [nicolae_subvault_shop_adworks],
          nicolae_shop_stone

Skill      XL: |  1  2  3 |
---------------+----------+-----
Stealth        | 3 |  3.2
Dodging        | 3 |  3.0
Conjurations   | 2 |  2.0
Spellcasting   | |  3.6
Fire Magic     | |  3.7

Action                     || total
---------------------------++-------
  Melee: Unarmed           ||     5
         Short sword       ||    10
   Cast: Foxfire           ||   133
 Armour: Robe              ||    18
  Dodge: Dodged            ||    24
